 Dungeon Crawl Stone Soup version 0.25-a0-399-gcf1075a8b3 (webtiles) character file.

Game seed: 8808141641582040404, levelgen mode: deterministic

10382 Klosterheim the Archer (level 11, -4/92 HPs)
             Began as a Centaur Arcane Marksman on Jan 8, 2020.
             Was a High Priest of Elyvilon.
             Slain by a black mamba (11 damage)
             ... on level 1 of the Lair of Beasts.
             The game lasted 00:57:05 (17187 turns).

Klosterheim the Archer (Centaur Arcane Marksman)   Turns: 17187, Time: 00:57:06

Health: -4/92      AC:  9    Str: 13    XL:     11   Next: 35%
Magic:  0/16       EV: 17    Int: 15    God:    Elyvilon [*****.]
Gold:   245        SH:  0    Dex: 15    Spells: 5/14 levels left

rFire    . . .     SeeInvis .   E - +4 mace
rCold    . . .     Gourm    .   (no shield)
rNeg     . . .     Faith    .   h - +1 scale mail
rPois    +         Spirit   +   (no helmet)
rElec    .         Reflect  .   m - scarf {Spirit}
rCorr    .         Harm     .   g - +0 pair of gloves
MR       +....                  (no barding)
Stlth    +.........             z - amulet of Ingunk {RegenMP MR+}
HPRegen  0.25/turn              D - +3 ring of evasion
MPRegen  0.40/turn              x - ring of poison resistance

@: agile, very slightly contaminated, invisible, very quick
A: large, hooves 3, deformed body, speed 2, tough skin 3
a: Lesser Healing, Heal Other, Purification, Greater Healing, Divine Vigour,
Divine Protection, Renounce Religion


You were on level 1 of the Lair of Beasts.
You worshipped Elyvilon.
Elyvilon was extremely pleased with you.
You were near starving.

You visited 2 branches of the dungeon, and saw 11 of its levels.

You collected 478 gold pieces.
You spent 233 gold pieces at shops.

Inventory:

Hand Weapons
 a - a +0 shortbow
 E - a +4 mace (weapon)
Missiles
 d - 42 arrows
 u - a throwing net (quivered)
Armour
 g - a +0 pair of gloves (worn)
 h - a +1 scale mail (worn)
 m - a scarf of spirit shield (worn)
 q - a +2 buckler
Jewellery
 b - an uncursed amulet of rage {unknown}
 e - an uncursed ring of positive energy
 x - a ring of poison resistance (right hand)
 z - the amulet of Ingunk (around neck) {RegenMP MR+}
   (You bought it in a shop on level 5 of the Dungeon)

   [amulet of magic regeneration]

   It increases your magic regeneration.
   It affects your resistance to hostile enchantments.
 D - a +3 ring of evasion (left hand)
 F - an uncursed ring of protection from fire
Wands
 k - a wand of polymorph (6)
 y - a wand of scattershot (4)
 C - a wand of disintegration (7)
 G - a wand of enslavement (9)
Scrolls
 c - a scroll of noise
 j - 2 scrolls of teleportation
 n - 6 scrolls of remove curse
 p - a scroll of enchant weapon {unknown}
 K - 5 scrolls of enchant armour
 L - a scroll of magic mapping
 M - a scroll of torment {unknown}
 N - a scroll of identify
Potions
 i - 2 potions of agility
 l - 3 potions of flight
 r - 4 potions of mutation
 s - a potion of brilliance
 t - 2 potions of curing
 w - 2 potions of ambrosia
 A - 3 potions of might
 B - 2 potions of berserk rage
 H - 2 potions of heal wounds {unknown}
 I - 2 potions of haste
Comestibles
 f - 16 rations


   Skills:
 - Level 7.0 Fighting
 * Level 9.7 Maces & Flails
 - Level 11.0 Bows
 - Level 4.0 Armour
 - Level 4.0 Dodging
 - Level 2.4 Shields
 - Level 2.0 Spellcasting
 - Level 6.0 Hexes
 - Level 3.0 Translocations
 - Level 7.0 Invocations


You had 5 spell levels left.
You knew the following spells:

 Your Spells              Type           Power        Failure   Level  Hunger
a - Portal Projectile     Hex/Tloc       ###...       41%         3    ###....
b - Cause Fear            Hex            ###.......   63%         4    #####..
c - Slow                  Hex            ###.....     12%         2    ###....

Your spell library contained the following spells:

 Spells                   Type           Power        Failure   Level  Hunger
 Corona                   Hex            ###....      9%          1    #......
 Inner Flame              Hex/Fire       ##......     63%         3    ###....
 Summon Guardian Golem    Hex/Summ       ##......     63%         3    ###....
 Beastly Appendage        Tmut           #.....       67%         1    #......
 Summon Small Mammal      Summ           #...         67%         1    #......
 Call Imp                 Summ           #.......     82%         2    ###....
 Sticks to Snakes         Tmut           #.......     82%         2    ###....
 Leda's Liquefaction      Hex/Erth       ##........   95%         4    #####..
 Call Canine Familiar     Summ           #.......     96%         3    ###....
 Spider Form              Tmut/Pois      #.........   96%         3    ###....
 Ice Form                 Ice/Tmut       #.......     100%        4    #####..
 Summon Ice Beast         Ice/Summ       #.......     100%        4    #####..
 Summon Lightning Spire   Summ/Air       #.......     100%        4    #####..
 Blade Hands              Tmut           #.........   100%        5    ######.


Dungeon Overview and Level Annotations

Branches:
Dungeon (9/15)             Temple (0/1) D:5            Lair (2/6) D:8
    Orc (0/2) D:9
  Swamp: Lair:2-4    Shoals: Lair:2-4     Snake: Lair:2-4    Spider: Lair:2-4

Altars:
Ashenzari
Cheibriados
Elyvilon
Gozag
Kikubaaqudgha
Makhleb
Okawaru
Yredelemnul

Shops:
D:5 (!**}   D:7 }((

Annotations:
D:5 2 runed translucent doors, Crazy Yiuf; olaf's ghost, novice FoAK
D:9 Harold


Innate Abilities, Weirdness & Mutations

You have hooves in place of feet.
Armour fits poorly on your strangely shaped body.
You cover ground very quickly.
You have extremely tough skin. (AC +3)


Message History

* * * LOW HITPOINT WARNING * * *
You hit the black mamba.
The black mamba is almost dead.
The black mamba bites you but does no damage.
You barely miss the black mamba.
The black mamba is almost dead.
The black mamba bites you!
* * * LOW HITPOINT WARNING * * *
The black mamba closely misses you.
Okay, then.
Unknown command.
Okay, then.
Okay, then.
Okay, then.
You fade into invisibility!
The black mamba completely misses you. The black mamba closely misses you.
You are very lightly contaminated with residual magic.
The black mamba closely misses you. The black mamba bites you!
You die...

**,*,######.PP###.P#.##
,,,,,.................#
,,,,,#......#........##
,,,,,#......#........#
,,,,,#......#........#
,,,,,#...............#
,*,,,.......#...<....#
,*,,,.......#........#
,*,,,#......#...@....##
,*,,,#.#....#...S....P#
,,,,,#.........#...#.##
,,,,,....##..(##...#.#
,,,P,..#.*#...##...#.#
,,,,,,,,,,#...##.....#
,,,*,,,,,*#........#.##
,,,*,,,......(#P...#..#
,,,,,,,.....#.##.....##


You could see a black mamba.

Vanquished Creatures
  4 spiny frogs (Lair:1)
  A rime drake (Lair:1)
  A troll (D:9)
  5 blink frogs
  2 hippogriffs
  14 yaks
  A wyvern (D:8)
  3 hogs
  A human (D:6)
  A basilisk (Lair:1)
  Duvessa (D:4)
  3 water moccasins
  A porcupine (Lair:1)
  An ice beast (D:7)
  3 sky beasts
  3 black bears (D:6)
  2 phantoms
  An ogre (D:7)
  A centaur (D:5)
  A crocodile (D:8)
  7 bullfrogs
  A gnoll sergeant (D:5)
  Dowan (D:4)
  2 scorpions (D:7)
  6 howler monkeys
  2 crimson imps
  A bullfrog zombie (D:9)
  2 jellies
  A quasit (D:9)
  3 hounds
  2 orc priests
  Ijyb (D:5)
  A gnoll shaman (D:9)
  5 iguanas
  A centaur skeleton (D:9)
  Natasha (thrice) (D:4)
  6 orc wizards
  8 worker ants
  A hound skeleton (D:4)
  2 worker ant zombies
  Robin (D:4)
  11 gnolls
  16 adders
  2 shadow imps
  An ooze (D:1)
  An adder skeleton (D:9)
  2 adder zombies
  4 worms (D:2)
  3 leopard geckos
  41 orcs
  7 bats
  8 giant cockroaches
  12 goblins
  16 hobgoblins
  11 jackals
  3 quokkas
  4 frilled lizards
  17 kobolds
  A leopard gecko zombie (D:8)
  10 rats
277 creatures vanquished.

Vanquished Creatures (others)
  4 fungi (D:8)
  5 plants
9 creatures vanquished.

Grand Total: 286 creatures vanquished

Notes
Turn   | Place    | Note
-------+----------+-------------------------------------------
     0 | D:1      | Klosterheim the Centaur Arcane Marksman began the quest for
                  | the Orb.
     0 | D:1      | Reached XP level 1. HP: 16/16 MP: 2/2
   218 | D:1      | Reached skill level 3 in Bows
   330 | D:1      | Reached XP level 2. HP: 15/23 MP: 3/3
  1103 | D:1      | Reached XP level 3. HP: 26/28 MP: 4/4
  1835 | D:2      | Found an iron altar of Okawaru.
  1840 | D:2      | Found a basalt altar of Yredelemnul.
  1840 | D:2      | Found a snail-covered altar of Cheibriados.
  1841 | D:2      | Found a white marble altar of Elyvilon.
  1845 | D:2      | Found a burning altar of Makhleb.
  1872 | D:2      | Became a worshipper of Elyvilon the Healer
  1926 | D:2      | Reached XP level 4. HP: 35/36 MP: 5/5
  2360 | D:2      | Reached skill level 1 in Maces & Flails
  2360 | D:2      | Reached skill level 4 in Bows
  2685 | D:2      | Reached skill level 1 in Armour
  2988 | D:2      | Reached XP level 5. HP: 39/42 MP: 6/6
  3081 | D:3      | Found an ancient bone altar of Kikubaaqudgha.
  4108 | D:3      | Reached * piety under Elyvilon
  4810 | D:3      | Found a shattered altar of Ashenzari.
  5204 | D:4      | Noticed Dowan
  5243 | D:3      | Reached skill level 5 in Fighting
  5243 | D:3      | Reached skill level 7 in Bows
  5243 | D:3      | Reached XP level 6. HP: 56/56 MP: 6/9
  5244 | D:3      | Reached skill level 10 in Bows
  5244 | D:3      | Reached XP level 7. HP: 66/66 MP: 6/12
  5323 | D:4      | Killed Dowan
  5352 | D:4      | Noticed Duvessa
  5377 | D:4      | Noticed Natasha
  5426 | D:4      | Killed Duvessa
  5426 | D:4      | Reached XP level 8. HP: 47/73 MP: 9/13
  5550 | D:4      | Learned a level 3 spell: Portal Projectile
  5555 | D:4      | Learned a level 4 spell: Cause Fear
  5581 | D:4      | Killed Natasha
  5602 | D:4      | Reached ** piety under Elyvilon
  5848 | D:4      | Noticed Natasha
  5890 | D:4      | Killed Natasha
  5917 | D:4      | Found an opulent altar of Gozag.
  5956 | D:4      | Noticed Robin
  5987 | D:4      | Killed Robin
  6116 | D:5      | Entered Level 5 of the Dungeon
  6133 | D:5      | Found a staircase to the Ecumenical Temple.
  6188 | D:5      | Noticed olaf's ghost (novice FoAK)
  6197 | D:5      | Found a runed translucent door.
  6257 | D:4      | Noticed Natasha
  6261 | D:4      | Killed Natasha
  6291 | D:5      | Found Mytexi's Distillery.
  6303 | D:5      | Found Rarexied's Weapon Shoppe.
  6303 | D:5      | Found Notibiqeaf's Assorted Antiques.
  6351 | D:5      | Found Vesuinay's Assorted Antiques.
  6372 | D:5      | Bought a bound graven amulet for 125 gold pieces
  6410 | D:5      | Bought a potion of might for 48 gold pieces
  6410 | D:5      | Bought a potion of berserk rage for 60 gold pieces
  6410 | D:5      | Identified the amulet of Ingunk {RegenMP MR+} (You bought
                  | it in a shop on level 5 of the Dungeon)
  6736 | D:5      | Found Fidiegho's Gadget Emporium.
  6817 | D:5      | Noticed Ijyb
  6843 | D:5      | Killed Ijyb
  6944 | D:5      | Reached *** piety under Elyvilon
  7069 | D:5      | Found a runed translucent door.
  7070 | D:5      | Noticed Crazy Yiuf
  7352 | D:6      | Reached XP level 9. HP: 67/79 MP: 12/14
  7603 | D:6      | Reached skill level 1 in Shields
  8313 | D:6      | Reached skill level 1 in Translocations
  8960 | D:7      | Reached **** piety under Elyvilon
  9260 | D:7      | Found Wowour's Weapon Shop.
  9279 | D:7      | Found Josini's Antique Weapon Shoppe.
  9441 | D:7      | Found Xerodarch's Gadget Boutique.
  9960 | D:8      | Found a staircase to the Lair.
 10013 | D:8      | Reached ***** piety under Elyvilon
 10080 | D:8      | Reached XP level 10. HP: 75/86 MP: 13/15
 11503 | D:9      | Found a staircase to the Orcish Mines.
 11616 | D:9      | Got a heavily runed helmet
 11622 | D:9      | Identified the cursed -7 helmet of the Sacrificial Victim
                  | {Regen+ Dex+6 SInv Stlth-} (You found it on level 9 of the
                  | Dungeon)
 12030 | D:9      | Noticed Harold
 12475 | D:9      | Reached skill level 5 in Hexes
 12526 | Lair:1   | Entered Level 1 of the Lair of Beasts
 12829 | D:8      | Reached skill level 11 in Bows
 14088 | Lair:1   | Noticed a spiny frog
 14098 | Lair:1   | Killed a spiny frog
 14359 | Lair:1   | Noticed a spiny frog
 14387 | Lair:1   | Killed a spiny frog
 14895 | Lair:1   | Reached XP level 11. HP: 54/92 MP: 10/16
 15127 | Lair:1   | Learned a level 2 spell: Slow
 16769 | Lair:2   | Noticed a six-headed hydra
 17187 | Lair:1   | Slain by a black mamba

Levels and vault maps discovered:
D:1:      erik_arrival_cave_to_civilisation [erik_arrival_cave_to_hall],
          layout_loops_ring
D:2:      layout_rooms, minitemple, first_ration, minmay_cut_off
D:3:      layout_rooms, kiku_gazebo_pond_becter, marbit_many_paths
D:4:      layout_basic, nicolae_gozag_cash_rules_everything_around_me,
          uniq_duvessa, uniq_robin, uniq_natasha
D:5:      layout_rooms, minmay_temple_entry_gardened_gates,
          hellmonk_ghost_happy_afterlife, serial_shops, shop, shop_fountains,
          shop, nicolae_shop_trees, nicolae_shop_waterfront, corexii_shack,
          uniq_ijyb, uniq_crazy_yiuf_cottage
D:6:      layout_rooms
D:7:      layout_gridville, serial_shops, shop_statue, nicolae_shop_stone,
          nicolae_shop_competitors_out_of_business, grunt_livestock,
          minmay_misc_feat_nine_boxes
D:8:      layout_gridville, dpeg_oklobed_lair
D:9:      minmay_distorted_concentric_squares, layout_long_grid, orc_0_dummy,
          serial_shops, nicolae_shop_trees, minivault_16,
          minmay_statue_crystal_thing, uniq_harold
Lair:1:   layout_long_grid, grunt_megastairs_5, lemuel_fruit_tree
Lair:2:   hangedman_what_comes_after_a, layout_small_grid,
          grunt_forest_small_clearing_treed

Skill      XL: |  1  2  3  4  5  6  7  8  9 10 11 |
---------------+----------------------------------+-----
Bows           | 3 4 7 10 11 | 11.0
Hexes          | 3 4 5 6 |  6.0
Dodging        | 2 3 4 |  4.0
Fighting       | 2 5 7 |  7.0
Maces & Flails | 1 6 7 8 9 |  9.7
Armour         | 1 3 4 |  4.0
Invocations    | 4 6 7 |  7.0
Shields        | 1 2 |  2.4
Translocations | 1 2 3 |  3.0
Spellcasting   | 2 |  2.0

Action                   |  1- 3 |  4- 6 |  7- 9 | 10-12 || total
-------------------------+-------+-------+-------+-------++-------
Melee: Whip              |   116 |   245 |   262 |       ||   623
       Kick              |    31 |    34 |   134 |    98 ||   297
       Flail             |     7 |       |       |       ||     7
       Mace              |       |       |   280 |   437 ||   717
       Unarmed           |       |       |    17 |       ||    17
 Fire: Shortbow          |    31 |    17 |     3 |    50 ||   101
Invok: Lesser Healing    |       |       |     3 |     4 ||     7
       Greater Healing   |       |       |       |     3 ||     3
Evoke: Wand              |       |       |     1 |    13 ||    14
  Use: Scroll            |       |     8 |    12 |     7 ||    27
       Potion            |       |     2 |       |     3 ||     5
 Stab: Paralysed         |       |       |       |    12 ||    12
  Eat: Chunk             |     2 |     6 |    15 |    13 ||    36
       Ration            |       |     1 |       |     2 ||     3
Armor: Robe              |    28 |       |       |       ||    28
       Scale mail        |    24 |   155 |   220 |   169 ||   568
Dodge: Dodged            |    67 |   133 |   151 |   261 ||   612
Block: Buckler           |       |       |   108 |    79 ||   187

Table legend:
 A = Non-vault XP
 B = Vault XP
 C = Vault XP percentage of total XP
 D = Non-vault monster count
 E = Vault monster count
 F = Vault count percentage of total count
                 A         B        C        D         E       F
            +---------+---------+-------+---------+---------+-------
      Total |   11967 |    1906 |  13.7 |     242 |      35 |  12.6
            +---------+---------+-------+---------+---------+-------
        D:1 |      45 |       0 |   0.0 |      26 |       0 |   0.0
        D:2 |     134 |      19 |  12.4 |      31 |       4 |  11.4
        D:3 |     149 |       2 |   1.3 |      31 |       1 |   3.1
        D:4 |     200 |     291 |  59.3 |      15 |      14 |  48.3
        D:5 |     844 |      41 |   4.6 |      27 |       2 |   6.9
        D:6 |    1009 |     793 |  44.0 |      20 |       4 |  16.7
        D:7 |     796 |     200 |  20.1 |      22 |       1 |   4.3
        D:8 |    2484 |       0 |   0.0 |      34 |       0 |   0.0
        D:9 |     846 |     301 |  26.2 |      13 |       8 |  38.1
     Lair:1 |    5460 |     259 |   4.5 |      23 |       1 |   4.2
            +---------+---------+-------+---------+---------+-------
